 Dungeon Crawl Stone Soup version 0.17-a0-1411-g06ff558 (webtiles) character file.

35 matakusis the Magician (level 3, 0/19 HPs)
             Began as a Deep Elf Wizard on June 23, 2015.
             Succumbed to an adder's poison
             ... on level 2 of the Dungeon on June 24, 2015.
             The game lasted 00:10:48 (1002 turns).

matakusis the Magician (Deep Elf Wizard)            Turns: 1002, Time: 00:10:48

Health: 0/19       AC:  2    Str:  9      XL:     3   Next: 17%
Magic:  0/11       EV: 13    Int: 20 (23) God:
Gold:   38         SH:  0    Dex: 13      Spells: 3 memorised, 7 levels left

rFire  . . .     SeeInvis .     (no weapon)
rCold  . . .     Clarity  .     a - +0 robe
rNeg   . . .     SustAt   .     (no shield)
rPois  .         Gourm    .     b - +0 hat
rElec  .         Spirit   .     (no cloak)
rCorr  .         Warding  .     (no gloves)
rMut   .         Stasis   .     (no boots)
MR     .....                    (no amulet)
Stlth  ++........               (no ring)
                                (no ring)

@: mighty, lethally poisoned (0 -> -3), very slightly contaminated, not
resistant to hostile enchantments, unstealthy
A: no striking features
a: no special abilities


You were on level 2 of the Dungeon.
You were not hungry.

You visited 1 branch of the dungeon, and saw 2 of its levels.

You collected 38 gold pieces.

Inventory:

Armour
 a - a +0 robe (worn)
 b - a +0 hat (worn)
Scrolls
 e - a scroll of noise {unknown}
 h - a scroll of teleportation {unknown}
 i - 2 scrolls of identify {unknown}
 k - a scroll of random uselessness {unknown}
Books
 c - a book of Minor Magic

   Spells                             Type                      Level
   a - Magic Dart                     Conjuration                  1
   b - Blink                          Translocation                2
   c - Call Imp                       Summoning                    2
   d - Repel Missiles                 Charms/Air                   2
   e - Slow                           Hexes                        2
   f - Conjure Flame                  Conjuration/Fire             3
   g - Mephitic Cloud                 Conjuration/Poison/Air       3
Comestibles
 d - a bread ration
 f - 2 beef jerkies
 g - 2 fruits


   Skills:
 - Level 2.6 Dodging
 - Level 2.6 Stealth
 + Level 5.2 Spellcasting
 * Level 1.4 Conjurations
 * Level 1.5 Summonings
 * Level 1.4 Translocations


You had 7 spell levels left.
You knew the following spells:

 Your Spells              Type           Power        Failure   Level  Hunger
a - Magic Dart            Conj           ##..         10%         1    None
b - Call Imp              Summ           ##......     12%         2    None
c - Blink                 Tloc           N/A          12%         2    None


Dungeon Overview and Level Annotations

Branches:
Dungeon (2/15)

Altars:


Message History

The worm misses your crimson imp.
Your crimson imp hits the worm.
It was a potion of might.
You feel very mighty all of a sudden. The giant newt barely misses you.
Your crimson imp hits the worm but does no damage.
The worm bites your crimson imp but does no damage.
A rat comes into view.
Casting: Magic Dart
Confirm with . or Enter, or press ? or * to list all spells.
Aiming: Magic Dart
Press: ? - help, Shift-Dir - straight line, f - giant newt, p - worm
Aim: a giant newt The magic dart hits the giant newt.
You kill the giant newt!
Your crimson imp blinks!
There is a lethal amount of poison in your body!
As you read the scroll labeled UXAT TORGHELER, it crumbles to dust.
It is a scroll of enchant weapon.
You aren't carrying any weapons that can be enchanted.
You die...

.##.....##.>.......#
......#.##.....<...#
##.....#..#.........#
#.....§w..#........)#
#...8)..5.#.........#
#..8.8!.......).....#
..8._.8...#####.##..#
...8[8..".## #..#...#
.(..8..@...# ##.#.#.#
.r............. .# .#
.##.#.....####.#.#
#.......# #######.#
#.# .# ..


You could see a worm, a rat and a friendly crimson imp.

Vanquished Creatures
  An adder (D:2)
  3 giant geckos (D:1)
  3 bats (D:1)
  A giant cockroach (D:1)
  2 goblins
  A giant newt (D:2)
  3 kobolds (D:1)
  3 rats (D:1)
17 creatures vanquished.

Vanquished Creatures (collateral kills)
  An adder (D:2)
  A giant cockroach (D:1)
  A hobgoblin (D:2)
  A kobold (D:1)
  A rat (D:1)
5 creatures vanquished.

Grand Total: 22 creatures vanquished

Notes
Turn   | Place    | Note
--------------------------------------------------------------
     0 | D:1      | matakusis the Deep Elf Wizard began the quest for the Orb.
     0 | D:1      | Reached XP level 1. HP: 10/10 MP: 7/7
   360 | D:1      | Reached XP level 2. HP: 15/15 MP: 4/9
   364 | D:1      | Reached skill level 5 in Spellcasting
   368 | D:1      | Learned a level 2 spell: Call Imp
   371 | D:1      | Learned a level 2 spell: Blink
   973 | D:2      | Found a faded altar to an unknown god.
   982 | D:2      | Reached XP level 3. HP: 11/19 MP: 0/11
  1002 | D:2      | Succumbed to an adder's poison

Vault maps used:
D:1:      tarquinn_simple_flora_water_a
D:2:      ecumenical_altar_2, first_bread, fedhas_altar_2

Action                   || total
-------------------------++-------
Melee: Unarmed           ||    17
 Cast: Magic Dart        ||    41
       Call Imp          ||    11
  Use: Potion            ||     2
       Scroll            ||     1
